 Dungeon Crawl Stone Soup version 0.27.1-4-g1640c2035a (webtiles) character file.

Game seed: 14890331665447466655

91 DearestLeader the Grave Robber (level 4, 0/32 HPs)
             Began as a Gnoll Necromancer on Nov 10, 2021.
             Slain by Purgy (1 damage)
             ... on level 3 of the Dungeon.
             The game lasted 00:04:16 (2776 turns).

DearestLeader the Grave Robber (Gnoll Necromancer)  Turns: 2776, Time: 00:04:17

Health: 0/32       AC:  9    Str:  9    XL:     4   Next: 57%
Magic:  0/11       EV: 11    Int: 14    God:
Gold:   45         SH:  0    Dex: 12    Spells: 8/13 levels left

rFire    . . .     SeeInvis .   c - +0 dagger
rCold    . . .     Faith    .   (no shield)
rNeg     . . .     Spirit   .   m - +0 ring mail
rPois    .         Reflect  .   (no helmet)
rElec    .         Harm     .   (no cloak)
rCorr    .         Rampage  .   n - +2 pair of gloves
Will     .....                  h - +0 pair of boots
Stlth    ++........             (no amulet)
HPRegen  0.10/turn              (no ring)
MPRegen  0.12/turn              (no ring)

@: no status effects
A: fangs 1, strong nose, distributed training
a: no special abilities


You were on level 3 of the Dungeon.
You visited 1 branch of the dungeon, and saw 3 of its levels.

You collected 45 gold pieces.

Inventory:

Hand Weapons
 c - a +0 dagger (weapon)
Armour
 a - a +0 robe
 h - a +0 pair of boots (worn)
 m - a +0 ring mail (worn)
 n - a +2 pair of gloves (worn)
Scrolls
 e - 4 scrolls of identify {unknown}
 i - a scroll of immolation {unknown}
 j - a scroll of enchant weapon {unknown}
 l - a scroll of fog {unknown}
 o - a scroll of teleportation {unknown}
 p - a scroll of vulnerability {unknown}
Potions
 b - a potion of brilliance {unknown}
 d - 3 potions of haste {unknown}
 f - a potion of lignification {unknown}
 k - a potion of curing {unknown}
 q - a potion of resistance


   Skills:
 + Level 1.2 Fighting
 + Level 1.2 Short Blades
 + Level 1.2 Long Blades
 + Level 1.2 Axes
 + Level 1.2 Maces & Flails
 + Level 1.2 Polearms
 + Level 1.2 Staves
 + Level 1.2 Slings
 + Level 1.2 Bows
 + Level 1.2 Crossbows
 + Level 1.2 Throwing
 + Level 1.2 Armour
 + Level 4.6 Dodging
 + Level 4.3 Stealth
 + Level 1.2 Shields
 + Level 1.2 Unarmed Combat
 + Level 5.1 Spellcasting
 + Level 1.0 Conjurations
 + Level 1.0 Hexes
 + Level 1.0 Summonings
 + Level 7.1 Necromancy
 + Level 1.0 Translocations
 + Level 1.0 Transmutations
 + Level 1.0 Fire Magic
 + Level 1.0 Ice Magic
 + Level 1.0 Air Magic
 + Level 1.0 Earth Magic
 + Level 1.0 Poison Magic
 + Level 1.3 Invocations
 + Level 1.2 Evocations


You had 8 spell levels left.
You knew the following spells:

 Your Spells              Type           Power      Damage    Failure   Level
a - Pain                  Necr           92%        1d8       2%          1
b - Animate Skeleton      Necr           46%        N/A       2%          1
c - Vampiric Draining     Necr           11%        2d7       8%          3

Your spell library contained the following spells:

 Spells                   Type           Power      Damage    Failure   Level
 Animate Dead             Necr           11%        N/A       26%         4
 Blink                    Tloc           N/A        N/A       43%         2
 Agony                    Necr           23%        N/A       56%         5
 Lesser Beckoning         Tloc           3%         N/A       67%         3
 Manifold Assault         Tloc           6%         N/A       100%        5


Dungeon Overview and Level Annotations

Branches:
Dungeon (3/15)

Altars:
Elyvilon

Shops:
D:2 :::

Annotations:
D:3 Purgy


Innate Abilities, Weirdness & Mutations

You have very sharp teeth.
Your uncanny sense of smell can sniff out nearby items.
Your experience applies equally to all skills.


Message History

The hobgoblin hits you but does no damage.
Purgy bites you. Purgy claws you but does no damage. x2
Unknown command.
Casting: Pain (safe; 2% risk of failure)
Confirm with . or Enter, or press ? or * to list all spells.
Aiming: Pain (safe; 2% risk of failure)
Press: ? - help, Shift-Dir - straight line, f/p - Purgy
Aim: Purgy (severely wounded, chance to affect: 88%) Purgy writhes in agony.
The hobgoblin hits you but does no damage.
Purgy snarls, "Go!
Away!"
Purgy bites you. Purgy claws you. x2
Casting: Pain (safe; 2% risk of failure)
Confirm with . or Enter, or press ? or * to list all spells.
Aiming: Pain (safe; 2% risk of failure)
Press: ? - help, Shift-Dir - straight line, f/p - Purgy
Aim: Purgy (almost dead, chance to affect: 88%) Purgy writhes in agony.
The hobgoblin barely misses you. Purgy closely misses you. Purgy claws you.
* * * LOW HITPOINT WARNING * * *
Purgy barely misses you.
Casting: Pain (safe; 2% risk of failure)
Confirm with . or Enter, or press ? or * to list all spells.
Aiming: Pain (safe; 2% risk of failure)
Press: ? - help, Shift-Dir - straight line, f/p - Purgy
Aim: Purgy (almost dead, chance to affect: 88%) Purgy writhes in agony.
The hobgoblin closely misses you. Purgy bites you.
* * * LOW HITPOINT WARNING * * *
Purgy claws you but does no damage. Purgy barely misses you.
Unknown command.
As you read the scroll labelled DEBLOAHOCH, it crumbles to dust.
It is a scroll of amnesia.
Really abort (and waste the scroll)? [Y]es or [N]o only, please.
Really abort (and waste the scroll)?
Okay, then.
The hobgoblin hits you.
* * * LOW HITPOINT WARNING * * *
Purgy bites you.
You die...

###### #### #....# #...
#....#################...
#........................
#....#################...
##.### #... ##.########
#### #.........# #
#.......@.######## #
#.......Tg.......########
#########................
#................
###.#####........ #.#
....... #.# ....... #.#
....... ... .......


You could see Purgy and a hobgoblin.

Vanquished Creatures
  5 adders (D:2)
  An orc (D:3)
  2 endoplasms (D:2)
  2 giant cockroaches (D:3)
  3 goblins
  8 hobgoblins
  6 jackals (D:3)
  4 bats
  3 frilled lizards
  5 kobolds
  3 rats
42 creatures vanquished.

Vanquished Creatures (collateral kills)
  An endoplasm (D:3)
1 creature vanquished.

Grand Total: 43 creatures vanquished

Notes
Turn   | Place    | Note
-------+----------+-------------------------------------------
     0 | D:1      | DearestLeader the Gnoll Necromancer began the quest for the
                  | Orb.
     0 | D:1      | Reached XP level 1. HP: 13/13 MP: 6/6
    63 | D:1      | Learned a level 1 spell: Animate Skeleton
   302 | D:1      | Reached XP level 2. HP: 17/19 MP: 5/7
   907 | D:2      | Found a faded altar of an unknown god.
  1332 | D:2      | Found Puni Jut's Book Shop.
  1360 | D:2      | Reached skill level 5 in Spellcasting
  1360 | D:2      | Reached XP level 3. HP: 21/25 MP: 3/9
  1428 | D:2      | Reached skill level 1 in Invocations
  1567 | D:2      | Found a white marble altar of Elyvilon.
  1619 | D:2      | Found Xeenkem's Book Boutique.
  1706 | D:2      | Found Igeecvot's Book Shop.
  1714 | D:2      | Reached skill level 1 in Fighting
  1714 | D:2      | Reached skill level 1 in Short Blades
  1714 | D:2      | Reached skill level 1 in Long Blades
  1714 | D:2      | Reached skill level 1 in Axes
  1714 | D:2      | Reached skill level 1 in Maces & Flails
  1714 | D:2      | Reached skill level 1 in Polearms
  1714 | D:2      | Reached skill level 1 in Staves
  1714 | D:2      | Reached skill level 1 in Slings
  1714 | D:2      | Reached skill level 1 in Bows
  1714 | D:2      | Reached skill level 1 in Crossbows
  1714 | D:2      | Reached skill level 1 in Throwing
  1714 | D:2      | Reached skill level 1 in Armour
  1714 | D:2      | Reached skill level 1 in Shields
  1714 | D:2      | Reached skill level 1 in Unarmed Combat
  1714 | D:2      | Reached skill level 1 in Evocations
  1805 | D:2      | Reached XP level 4. HP: 32/32 MP: 9/11
  2318 | D:3      | Learned a level 3 spell: Vampiric Draining
  2539 | D:3      | Reached skill level 1 in Conjurations
  2539 | D:3      | Reached skill level 1 in Hexes
  2539 | D:3      | Reached skill level 1 in Summonings
  2539 | D:3      | Reached skill level 1 in Translocations
  2539 | D:3      | Reached skill level 1 in Transmutations
  2539 | D:3      | Reached skill level 1 in Fire Magic
  2539 | D:3      | Reached skill level 1 in Ice Magic
  2539 | D:3      | Reached skill level 1 in Air Magic
  2539 | D:3      | Reached skill level 1 in Earth Magic
  2539 | D:3      | Reached skill level 1 in Poison Magic
  2751 | D:3      | Noticed Purgy
  2776 | D:3      | HP: 1/32 [hobgoblin (3)]
  2776 | D:3      | Slain by Purgy

Illustrated notes

Levels and vault maps discovered:
D:1:      lightli_arrival_isolated_outpost, layout_basic
D:2:      layout_loops_corners, serial_shops, shop_fountains, shop, shop,
          shapermc_ecumenical_altar_pompeii, basic_altar, item_on_display_a
D:3:      layout_basic, grunt_ministairs_3, minmay_fountain_box, uniq_purgy

Skill      XL: |  1  2  3  4 |
---------------+-------------+-----
Spellcasting   | 5 |  5.1
Invocations    | 1 |  1.3
Fighting       | 1 |  1.2
Short Blades   | 1 |  1.2
Long Blades    | 1 |  1.2
Axes           | 1 |  1.2
Maces & Flails | 1 |  1.2
Polearms       | 1 |  1.2
Staves         | 1 |  1.2
Slings         | 1 |  1.2
Bows           | 1 |  1.2
Crossbows      | 1 |  1.2
Throwing       | 1 |  1.2
Armour         | 1 |  1.2
Shields        | 1 |  1.2
Unarmed Combat | 1 |  1.2
Evocations     | 1 |  1.2
Conjurations   | 1 |  1.0
Hexes          | 1 |  1.0
Summonings     | 1 |  1.0
Translocations | 1 |  1.0
Transmutations | 1 |  1.0
Fire Magic     | 1 |  1.0
Ice Magic      | 1 |  1.0
Air Magic      | 1 |  1.0
Earth Magic    | 1 |  1.0
Poison Magic   | 1 |  1.0
Dodging        | |  4.6
Stealth        | |  4.3
Necromancy     | |  7.1

Action                   |  1- 3 |  4- 6 || total
-------------------------+-------+-------++-------
Melee: Dagger            |    44 |    69 ||   113
       Bite              |     2 |     6 ||     8
 Cast: Pain              |    21 |    24 ||    45
       Animate Skeleton  |     2 |     3 ||     5
       Vampiric Draining |       |     1 ||     1
  Use: Scroll            |       |     1 ||     1
 Stab: Sleeping          |     6 |     2 ||     8
       Distracted        |     1 |       ||     1
Armor: Ring mail         |    11 |    60 ||    71
Dodge: Dodged            |    21 |    60 ||    81
